ITL
HAVANA ROLLERS @ TUSCALOOSA TROUT SLAYERS
08/27/2028
 
TOP OF THE 1ST
Havana Rollers batting - Pitching for Tuscaloosa Trout Slayers : LHP José Acevedo
Pitching: LHP José Acevedo
Batting: LHB Rafael Delgado 0-0: Swinging Strike
0-1: Ball
1-1: Swinging Strike
1-2: Foul Ball, location: 2F
1-2: Foul Ball, location: 2F
1-2: Ball
2-2: Ball
3-2: Strikes out swinging
Batting: RHB Paul Bailey 0-0: Called Strike
0-1: Swinging Strike
0-2: Fly out, F9 (Flyball, 9D)
Batting: SHB Edgardo Osorio 0-0: Called Strike
0-1: Ball
1-1: SINGLE (Groundball, 34D)
Batting: RHB Soshu Nakamura 0-0: Ball
1-0: Called Strike
Edgardo Osorio is caught stealing 2nd base
Top of the 1st over - 0 run(s), 1 hit(s), 0 error(s), 0 left on base; Havana 0 - Tuscaloosa 0
BOTTOM OF THE 1ST
Tuscaloosa Trout Slayers batting - Pitching for Havana Rollers : RHP Chris Marshall
Pitching: RHP Chris Marshall
Batting: RHB Kurt Walter 0-0: Ball
1-0: Fly out, F7 (Flyball, 78S)
Batting: RHB Lynn Ford 0-0: Called Strike
0-1: Foul Ball, location: 2F
0-2: Strikes out swinging
Batting: LHB Marcos Villarreal 0-0: Called Strike
0-1: Ball
1-1: Ball
2-1: Foul Ball, location: 2F
2-2: SOLO HOME RUN (Line Drive, 9D), Distance : 384 ft
Batting: LHB Miguel Rosa 0-0: Ball
1-0: Ball
2-0: SOLO HOME RUN (Flyball, 89XD), Distance : 386 ft
Batting: LHB Ed Hart 0-0: Ball
1-0: Ball
2-0: Ball
3-0: Called Strike
3-1: Base on Balls
Batting: RHB Shigemasa Ishida 0-0: Ball
1-0: Ball
2-0: SINGLE (Groundball, 34D)
Ed Hart to second
Batting: RHB Greg Lee 0-0: Ball
1-0: Called Strike
1-1: Ball
2-1: DOUBLE (Groundball, 5L)
Ed Hart scores
Shigemasa Ishida to third
Batting: RHB Juan Reyes 0-0: Ground out U3 (Groundball, 3)
Bottom of the 1st over - 3 run(s), 4 hit(s), 0 error(s), 2 left on base; Havana 0 - Tuscaloosa 3
TOP OF THE 2ND
Havana Rollers batting - Pitching for Tuscaloosa Trout Slayers : LHP José Acevedo
Batting: RHB Soshu Nakamura 0-0: Called Strike
0-1: Foul Ball, location: 2F
0-2: SOLO HOME RUN (Flyball, 8RXD), Distance : 429 ft
Batting: SHB Pepe Piña 0-0: Called Strike
0-1: Fly out, F8 (Flyball, 8RS)
Batting: RHB Jesús Villalobos 0-0: Ground out 4-3 (Groundball, 4)
Batting: LHB Enrique Cortéz 0-0: Ball
1-0: SOLO HOME RUN (Flyball, 9D), Distance : 399 ft
Batting: RHB Luis Aguilar 0-0: Called Strike
0-1: Ball
1-1: Ball
2-1: Fly out, F7 (Flyball, 7D)
Top of the 2nd over - 2 run(s), 2 hit(s), 0 error(s), 0 left on base; Havana 2 - Tuscaloosa 3
BOTTOM OF THE 2ND
Tuscaloosa Trout Slayers batting - Pitching for Havana Rollers : RHP Chris Marshall
Batting: RHB Jason Saunders 0-0: Ball
1-0: Ball
2-0: Called Strike
2-1: Ball
3-1: Foul Ball, location: 2F
3-2: Base on Balls
Batting: RHB Kurt Walter 0-0: Called Strike
0-1: Ball
1-1: Ground out U3 (Groundball, 34S)
Jason Saunders to second
Batting: RHB Lynn Ford 0-0: Called Strike
0-1: SINGLE (Groundball, 34D)
Jason Saunders to third
Runner from 3rd tries for Home, SAFE, no throw
Batting: LHB Marcos Villarreal 0-0: Ball
1-0: Fly out, F4 (Line Drive, 4)
Batting: LHB Miguel Rosa 0-0: Called Strike
0-1: Swinging Strike
0-2: Foul Ball, location: 2F
0-2: Ground out U3 (Groundball, 3S)
Bottom of the 2nd over - 1 run(s), 1 hit(s), 0 error(s), 1 left on base; Havana 2 - Tuscaloosa 4
TOP OF THE 3RD
Havana Rollers batting - Pitching for Tuscaloosa Trout Slayers : LHP José Acevedo
Batting: RHB Francisco Rincón 0-0: Ball
1-0: Swinging Strike
1-1: Ball
2-1: Foul Ball, location: 2F
2-2: Ball
3-2: Foul Ball, location: 2F
3-2: Foul Ball, location: 2F
3-2: Foul Ball, location: 2F
3-2: Ground out 4-3 (Groundball, 4)
Batting: LHB Rafael Delgado 0-0: Ball
1-0: Ball
2-0: Foul Ball, location: 2F
2-1: Ball
3-1: Ground out 4-3 (Groundball, 4S)
Batting: RHB Paul Bailey 0-0: Ball
1-0: Swinging Strike
1-1: SOLO HOME RUN (Flyball, 9D), Distance : 376 ft
Batting: SHB Edgardo Osorio 0-0: Ball
1-0: Ball
2-0: Fly out, F9 (Flyball, 9LS)
Top of the 3rd over - 1 run(s), 1 hit(s), 0 error(s), 0 left on base; Havana 3 - Tuscaloosa 4
BOTTOM OF THE 3RD
Tuscaloosa Trout Slayers batting - Pitching for Havana Rollers : RHP Chris Marshall
Batting: LHB Ed Hart 0-0: Ball
1-0: Foul Ball, location: 2F
1-1: Foul Ball, location: 2F
1-2: Foul Ball, location: 2F
1-2: Ball
2-2: SINGLE (Line Drive, 34D)
Batting: RHB Shigemasa Ishida 0-0: Called Strike
0-1: SINGLE (Line Drive, 6D)
Ed Hart to second
Batting: RHB Greg Lee 0-0: Ball
1-0: Fly out, F4 (Popup, 4S)
Batting: RHB Juan Reyes 0-0: Ball
1-0: Called Strike
1-1: Ball
2-1: Swinging Strike
2-2: Foul Ball, location: 2F
2-2: Ground out 5-3 (Groundball, 56S)
Ed Hart to third
Shigemasa Ishida to second
Batting: RHB Jason Saunders 0-0: Foul Ball, location: 2F
0-1: Ball
1-1: Foul Ball, location: 2F
1-2: Foul Ball, location: 2F
1-2: Strikes out swinging
Bottom of the 3rd over - 0 run(s), 2 hit(s), 0 error(s), 2 left on base; Havana 3 - Tuscaloosa 4
TOP OF THE 4TH
Havana Rollers batting - Pitching for Tuscaloosa Trout Slayers : LHP José Acevedo
Batting: RHB Soshu Nakamura 0-0: Ball
1-0: Swinging Strike
1-1: Called Strike
1-2: Strikes out swinging
Batting: SHB Pepe Piña 0-0: Called Strike
0-1: Fly out, F5 (Popup, 5S)
Batting: RHB Jesús Villalobos 0-0: Called Strike
0-1: Swinging Strike
0-2: Ball
1-2: SINGLE (Line Drive, 6)
Batting: LHB Enrique Cortéz 0-0: Ball
1-0: Ball
2-0: Fly out, F8 (Flyball, 8LM)
Top of the 4th over - 0 run(s), 1 hit(s), 0 error(s), 1 left on base; Havana 3 - Tuscaloosa 4
BOTTOM OF THE 4TH
Tuscaloosa Trout Slayers batting - Pitching for Havana Rollers : RHP Chris Marshall
Batting: RHB Kurt Walter 0-0: Fly out, F4 (Line Drive, 4)
Batting: RHB Lynn Ford 0-0: Ball
1-0: Ball
2-0: Called Strike
2-1: Swinging Strike
2-2: Fly out, F7 (Flyball, 7S)
Batting: LHB Marcos Villarreal 0-0: Ball
1-0: Foul Ball, location: 2F
1-1: Fly out, F8 (Flyball, 78M)
Bottom of the 4th over - 0 run(s), 0 hit(s), 0 error(s), 0 left on base; Havana 3 - Tuscaloosa 4
TOP OF THE 5TH
Havana Rollers batting - Pitching for Tuscaloosa Trout Slayers : LHP José Acevedo
Batting: RHB Luis Aguilar 0-0: Foul Ball, location: 2F
0-1: Foul Ball, location: 2F
0-2: Ball
1-2: Ball
2-2: Foul Ball, location: 2F
2-2: Foul Ball, location: 2F
2-2: Ball
3-2: Strikes out swinging
Batting: RHB Francisco Rincón 0-0: Called Strike
0-1: Ball
1-1: Called Strike
1-2: Strikes out swinging
Batting: LHB Rafael Delgado 0-0: Swinging Strike
0-1: Foul Ball, location: 2F
0-2: Ground out 6-3 (Groundball, 6M)
Top of the 5th over - 0 run(s), 0 hit(s), 0 error(s), 0 left on base; Havana 3 - Tuscaloosa 4
BOTTOM OF THE 5TH
Tuscaloosa Trout Slayers batting - Pitching for Havana Rollers : RHP Chris Marshall
Batting: LHB Miguel Rosa 0-0: Ball
1-0: Ball
2-0: Ground out 6-3 (Groundball, 6)
Batting: LHB Ed Hart 0-0: Foul Ball, location: 2F
0-1: Fly out, F3 (Line Drive, 3)
Batting: RHB Shigemasa Ishida 0-0: Ball
1-0: Ball
2-0: Ball
3-0: Called Strike
3-1: Fly out, F7 (Flyball, 7S)
Bottom of the 5th over - 0 run(s), 0 hit(s), 0 error(s), 0 left on base; Havana 3 - Tuscaloosa 4
TOP OF THE 6TH
Havana Rollers batting - Pitching for Tuscaloosa Trout Slayers : LHP José Acevedo
Batting: RHB Paul Bailey 0-0: Called Strike
0-1: Ball
1-1: Called Strike
1-2: Fly out, F9 (Flyball, 9D)
Batting: SHB Edgardo Osorio 0-0: Foul Ball, location: 2F
0-1: Foul Ball, location: 2F
0-2: Strikes out swinging
Batting: RHB Soshu Nakamura 0-0: Called Strike
0-1: Ball
1-1: SINGLE (Line Drive, 4MD)
Batting: SHB Pepe Piña 0-0: Ball
1-0: Ball
2-0: Ground out 6-3 (Groundball, 6S)
Top of the 6th over - 0 run(s), 1 hit(s), 0 error(s), 1 left on base; Havana 3 - Tuscaloosa 4
BOTTOM OF THE 6TH
Tuscaloosa Trout Slayers batting - Pitching for Havana Rollers : RHP Chris Marshall
Batting: RHB Greg Lee 0-0: Ball
1-0: Swinging Strike
1-1: Foul Ball, location: 2F
1-2: Foul Ball, location: 2F
1-2: Ball
2-2: Ground out 5-3 (Groundball, 5S)
Batting: RHB Juan Reyes 0-0: Called Strike
0-1: Foul Ball, location: 2F
0-2: Foul Ball, location: 2F
0-2: Ball
1-2: Ball
2-2: SINGLE (Flyball, 8RS)
Batting: RHB Jason Saunders 0-0: Called Strike
0-1: Foul Ball, location: 2F
0-2: SINGLE (Groundball, 6MD)
Juan Reyes to second
Batting: RHB Kurt Walter 0-0: Fly out, F6 (Line Drive, 6)
Batting: RHB Lynn Ford 0-0: Ball
1-0: Foul Ball, location: 2F
1-1: Ball
2-1: Called Strike
2-2: Ball
3-2: Strikes out swinging
Bottom of the 6th over - 0 run(s), 2 hit(s), 0 error(s), 2 left on base; Havana 3 - Tuscaloosa 4
TOP OF THE 7TH
Havana Rollers batting - Pitching for Tuscaloosa Trout Slayers : LHP José Acevedo
Batting: RHB Jesús Villalobos 0-0: Swinging Strike
0-1: Fly out, F8 (Flyball, 8LM)
Batting: LHB Enrique Cortéz 0-0: Ball
1-0: Called Strike
1-1: Fly out, F7 (Flyball, 78M)
Batting: RHB Luis Aguilar 0-0: SINGLE (Flyball, 4D)
Batting: RHB Francisco Rincón 0-0: Ball
1-0: Ball
2-0: Ball
Balk!
Luis Aguilar to second
3-0: Swinging Strike
3-1: Fly out, F8 (Flyball, 78M)
Top of the 7th over - 0 run(s), 1 hit(s), 0 error(s), 1 left on base; Havana 3 - Tuscaloosa 4
BOTTOM OF THE 7TH
Tuscaloosa Trout Slayers batting - Pitching for Havana Rollers : RHP Chris Marshall
Pitching: RHP Augusto Muñíz
Batting: LHB Marcos Villarreal 0-0: Ball
1-0: Ground out 1-3 (Groundball, 13)
Batting: LHB Miguel Rosa 0-0: Ball
1-0: Ball
2-0: Ball
3-0: Base on Balls
Batting: LHB Ed Hart 0-0: Foul Ball, location: 2F
0-1: Ball
Miguel Rosa is caught stealing 2nd base
1-1: Ball
2-1: Swinging Strike
2-2: Strikes out swinging
Bottom of the 7th over - 0 run(s), 0 hit(s), 0 error(s), 0 left on base; Havana 3 - Tuscaloosa 4
TOP OF THE 8TH
Havana Rollers batting - Pitching for Tuscaloosa Trout Slayers : LHP José Acevedo
Pitching: LHP Aaron Gibbs
Batting: LHB Rafael Delgado 0-0: Swinging Strike
0-1: Foul Ball, location: 2F
0-2: Foul Ball, location: 2F
0-2: Foul Ball, location: 2F
0-2: Strikes out swinging
Pitching: RHP Jimmy Bradley
Batting: RHB Paul Bailey 0-0: Ball
1-0: SINGLE (Line Drive, 6MD)
Pitching: LHP Luis López
Batting: SHB Edgardo Osorio 0-0: Ball
1-0: Called Strike
1-1: Ball
2-1: Foul Ball, location: 2F
2-2: SINGLE (Line Drive, 4)
Paul Bailey to second
Pitching: LHP Dave Blackwell
Batting: RHB Soshu Nakamura 0-0: Called Strike
0-1: Foul Ball, location: 2F
0-2: Ball
1-2: Fly out, F8 (Flyball, 8LD)
Batting: SHB Pepe Piña 0-0: Hit by Pitch
Paul Bailey to third
Edgardo Osorio to second
Pitching: RHP Ronald Adams
Pinch Hitting: LHB Jimmy Husted 0-0: Ball
1-0: Swinging Strike
1-1: Ball
2-1: Ball
3-1: Base on Balls
Paul Bailey scores
Edgardo Osorio to third
Pepe Piña to second
Batting: LHB Enrique Cortéz 0-0: Ball
1-0: SINGLE (Line Drive, 9S)
Edgardo Osorio scores
Pepe Piña to third
Jimmy Husted to second
Pinch Hitting: LHB Zhi-huan Loong 0-0: Ball
1-0: Ball
2-0: SINGLE (Line Drive, 8RS)
Pepe Piña scores
Jimmy Husted to third
Enrique Cortéz to second
Runner from 3rd tries for Home, SAFE, no throw
Batting: RHB Francisco Rincón 0-0: Fly out, F3 (Line Drive, 3S)
Top of the 8th over - 4 run(s), 4 hit(s), 0 error(s), 2 left on base; Havana 7 - Tuscaloosa 4
BOTTOM OF THE 8TH
Tuscaloosa Trout Slayers batting - Pitching for Havana Rollers : RHP Augusto Muñíz
Now at 1B: Zhi-huan Loong
Now at SS: Chad Case
Batting: RHB Shigemasa Ishida 0-0: Called Strike
0-1: Ball
1-1: Foul Ball, location: 2F
1-2: Fly out, F8 (Flyball, 8RM)
Batting: RHB Greg Lee 0-0: Ball
1-0: Called Strike
1-1: Foul Ball, location: 2F
1-2: Foul Ball, location: 2F
1-2: Foul Ball, location: 2F
1-2: Strikes out looking
Pitching: RHP Brad Sharpe
Batting: RHB Juan Reyes 0-0: Foul Ball, location: 2F
0-1: Fly out, F3 (Popup, 3D)
Bottom of the 8th over - 0 run(s), 0 hit(s), 0 error(s), 0 left on base; Havana 7 - Tuscaloosa 4
TOP OF THE 9TH
Havana Rollers batting - Pitching for Tuscaloosa Trout Slayers : RHP Ronald Adams
Batting: LHB Rafael Delgado 0-0: Called Strike
0-1: Swinging Strike
0-2: Strikes out looking
Batting: RHB Paul Bailey 0-0: Called Strike
0-1: Called Strike
0-2: Ball
1-2: SINGLE (Line Drive, 89S)
Batting: SHB Edgardo Osorio 0-0: Ball
1-0: 2-RUN HOME RUN (Flyball, 9LD), Distance : 368 ft
Pitching: RHP Matt McGinnity
Batting: RHB Soshu Nakamura 0-0: Ground out 4-3 (Groundball, 4)
Batting: SHB Pepe Piña 0-0: Ball
1-0: Called Strike
1-1: Swinging Strike
1-2: Ball
2-2: SOLO HOME RUN (Flyball, 89XD), Distance : 413 ft
Batting: RHB Chad Case 0-0: Fly out, F7 (Flyball, 7D)
Top of the 9th over - 3 run(s), 3 hit(s), 0 error(s), 0 left on base; Havana 10 - Tuscaloosa 4
BOTTOM OF THE 9TH
Tuscaloosa Trout Slayers batting - Pitching for Havana Rollers : RHP Brad Sharpe
Batting: RHB Jason Saunders 0-0: Ball
1-0: Ball
2-0: Foul Ball, location: 2F
2-1: Called Strike
2-2: Ball
3-2: Base on Balls
Batting: RHB Kurt Walter 0-0: Ball
1-0: Called Strike
1-1: Called Strike
1-2: Grounds into double play, 4-6-3 (Groundball, 4)
Batting: RHB Lynn Ford 0-0: Called Strike
0-1: Ball
1-1: Foul Ball, location: 2F
1-2: Ground out 4-3 (Groundball, 34)
Bottom of the 9th over - 0 run(s), 0 hit(s), 0 error(s), 0 left on base; Havana 10 - Tuscaloosa 4
Tuesday, August 8th, 2017 - OOTP Baseball 17.12 Build 75